 Dungeon Crawl Stone Soup version 0.30-a0-738-g116ff8c4af (webtiles) character file.

Game seed: 2622644381993592765

23250 mopl the Martial Artist (level 13, -3/87 HPs)
             Began as a Djinni Transmuter on Feb 3, 2023.
             Was a High Priest of Okawaru.
             Slain by a fire crab (5 damage)
             ... on level 2 of the Lair of Beasts.
             The game lasted 00:25:59 (13909 turns).

mopl the Martial Artist (Djinni Transmuter)        Turns: 13909, Time: 00:25:59

Health: -3/87      AC: 15    Str: 13    XL:     13   Next: 33%
Gold:   683        EV: 16    Int: 21    God:    Okawaru [*****.] SH:  5 Dex: 20

rFire   + + .      SeeInvis .      - Unarmed
rCold   x . .      Faith    .    (no shield)
rNeg    . . .      Spirit   .    K - +0 steam dragon scales
rPois   ∞          Reflect  +    h - +3 hat of Pondering {ponderous, Will+ MP+10 Int+5}
rElec   .          Harm     .    r - +0 cloak
rCorr   .          Rampage  .    c - +0 pair of gloves
Will    ++...                    (boots unavailable)
Stlth   ++                       a - amulet "Tonulax" {Reflect Slay+4 SH+5}
HPRegen 0.34/turn                G - +6 ring of dexterity
MPRegen 0.00/turn                J - +4 ring of protection

@: wereblooded, flying, slow
A: sickness immunity, fire resistance 2, cold vulnerability 1, float, innate
caster, HP casting, extra vitality 1
a: Renounce Religion, Heroism, Finesse, Duel


You were on level 2 of the Lair of Beasts.
You worshipped Okawaru.
Okawaru was extremely pleased with you.
You visited 3 branches of the dungeon, and saw 14 of its levels.
You also visited: Sewer.

You collected 942 gold pieces.
You spent 259 gold pieces at shops.

Inventory:

Missiles
 q - 17 poisoned darts (quivered)
 t - 5 boomerangs
 Q - 2 throwing nets
 R - 2 datura-tipped darts
 T - 9 javelins
 U - 7 atropa-tipped darts
 V - 3 boomerangs of dispersal
Armour
 c - a +0 pair of gloves (worn)
 h - the +3 hat of Pondering (worn) {ponderous, Will+ MP+10 Int+5}
   (You took it off Gastronok on level 2 of the Lair of Beasts)

   Int:       It affects your intelligence (+5).
   MP:        It affects your magic capacity (+10).
   Will:      It increases your willpower.
 r - a +0 cloak (worn)
 y - a +0 helmet
 K - +0 steam dragon scales (worn)
 M - a +0 buckler
Jewellery
 a - the amulet "Tonulax" (around neck) {Reflect Slay+4 SH+5}
   (You acquired it on level 9 of the Dungeon)

   [amulet of reflection]

   It reflects blocked missile attacks.
   Slay:      It affects your accuracy & damage with ranged weapons and melee
   (+4).
   SH:        It affects your SH (+5).
 d - a ring of positive energy
 i - a ring of see invisible
 G - a +6 ring of dexterity (left hand)
 J - a +4 ring of protection (right hand)
Wands
 B - a wand of polymorph (17)
 E - a wand of iceblast (12)
 F - a wand of flame (63)
 I - a wand of digging (4)
Scrolls
 g - 3 scrolls of immolation
 l - 3 scrolls of vulnerability {unknown}
 m - 7 scrolls of blinking {unknown}
 n - 4 scrolls of teleportation {unknown}
 s - 5 scrolls of poison
 u - 2 scrolls of fear
 v - 3 scrolls of magic mapping
 w - 3 scrolls of fog {unknown}
 x - 4 scrolls of enchant armour {unknown}
Potions
 b - 2 potions of lignification {!q}
 e - a potion of cancellation
 f - 2 potions of might
 k - 4 potions of heal wounds
 o - 7 potions of curing
 p - 3 potions of resistance
 A - 2 potions of berserk rage {!q}
 D - 2 potions of haste


   Skills:
 + Level 6.0 Fighting
 + Level 4.9 Throwing
 + Level 6.0 Armour
 + Level 7.0 Dodging
 * Level 13.2 Unarmed Combat
 + Level 7.2 Spellcasting
 + Level 5.9 Invocations
 + Level 5.9 Evocations


You couldn't memorise any spells.
You knew the following spells:

 Your Spells              Type           Power      Damage    Failure   Level
a - Beastly Appendage     Tmut           76%        N/A       1%          1
b - Spider Form           Tmut/Pois      38%        N/A       1%          3
c - Poisonous Vapours     Pois/Air       76%        N/A       1%          2
d - Ice Form              Ice/Tmut       38%        N/A       4%          4
e - Apportation           Tloc           76%        N/A       1%          1
f - Stone Arrow           Conj/Erth      76%        3d11      1%          3
g - Animate Armour        Summ/Erth      76%        N/A       4%          4
h - Borgnjor's Vile Clut  Necr/Erth      19%        N/A       12%         5
i - Yara's Violent Unrav  Hex/Tmut       19%        3d9       12%         5
w - Wereblood             Tmut           38%        N/A       1%          2
Your spell library was empty.

Dungeon Overview and Level Annotations

Branches:
Dungeon (11/15)            Temple (1/1) D:7            Lair (2/5) D:11
 Spider (0/4) Lair:2          Orc (0/2) D:11          Sewer (visited)
  Swamp: Lair:2-3    Shoals: Lair:2-3

Altars:
Ashenzari
Cheibriados
Dithmenos
Elyvilon
Fedhas
Gozag
Hepliaklqana
Makhleb
Nemelex Xobeh
Okawaru
Qazlal
Ru
Trog
Uskayaw
Wu Jian
Xom
Yredelemnul
Zin
The Shining One

Shops:
D:4 ?

Annotations:
D:8 exclusion: two-headed ogre
D:10 exclusion: 2 wizards
Lair:2 1 transporter


Innate Abilities, Weirdness & Mutations

You are immune to sickness and miasma.
You are immune to poison.
Your flesh is very heat resistant. (rF++)
You are vulnerable to cold. (rC-)
You float through the air rather than walking.
You learn spells naturally, not from books.
Your magical power is your life essence.
You have superior vitality. (+4 MHP)


Message History

The fire bat barely misses you. You block the fire bat's attack.
The fire crab bites you but does no damage.
The fire crab misses you.
You pummel the fire bat!!
You feel a bit better.
You kill the fire bat!
Okawaru accepts your kill.
You howl as the wereblood boils in your veins!
The fire bat misses you.
You punch the fire bat! x2; You feel a bit better.
You kill the fire bat!
Okawaru accepts your kill. Okawaru grants you throwing weapons!
Something appears before you!
The fire crab bites you but does no damage.
The fire crab completely misses you.
You punch the fire crab!
The fire crab is lightly wounded.
You feel like a meek peon again. The fire crab breathes flames at you.
The blast of flame engulfs you but does no damage.
You punch the fire crab!
The fire crab is moderately wounded.
You are engulfed in blazing flames.
You resist.
* * * LOW HITPOINT WARNING * * *
The fire crab attacks as you move away!
The fire crab bites you but does no damage.
The fire crab claws you!
* * * LOW HITPOINT WARNING * * *
You are engulfed in flames.
You resist.
* * * LOW HITPOINT WARNING * * *
You are engulfed in blazing flames.
You resist.
* * * LOW HITPOINT WARNING * * *
The fire crab bites you.
* * * LOW HITPOINT WARNING * * *
You are engulfed in flames.
You resist.
* * * LOW HITPOINT WARNING * * *
The fire crab claws you.
* * * LOW HITPOINT WARNING * * *
You are engulfed in flames.
You resist.
You die...

####......############.........P.
#.........P#°°°$©(○°°#...........
...........#☼○☼)=[°☼°#..........#
...........#°☼°○☼°°☼°#.........P#
......<....#.°°°○°°○○###.......##
........#.##..○○☼☼°.°#.##......#
.......###.####☼○°####.[...#####
......####..#☼○○t°○°###..#.# #
#P...##.....#○.#@#°○# ##..## ##
##[...#P....#○°.°°°☼# #..## ##)
###...#.....#☼°#°#○°# ##..####..
##..........#°○☼°○○○# #..#.#...
###.........#○.☼○°.○# ##.....##
###........########## #....#.#
............###.©..# #....###
...........#.##....# ####....#
.........##...##..## ##.#.....#


You could see a fire crab.

Vanquished Creatures
  Gastronok (Lair:2)
  A hydra (Lair:2)
  3 boulder beetles (D:11)
  A fire crab (Lair:2)
  An orb spider (Lair:2)
  A steelbarb worm (D:11)
  2 cyclopes (D:11)
  An ugly thing (D:11)
  3 oklob plants (D:11)
  3 black mambas (Lair:2)
  A torpor snail (Lair:1)
  2 gargoyles (D:11)
  3 cane toads
  4 komodo dragons
  A kobold demonologist (D:11)
  A hornet (Lair:2)
  7 blink frogs (Lair:2)
  4 shadows (D:11)
  A wyvern (Lair:2)
  2 wraiths
  19 yaks
  3 fire bats (Lair:2)
  2 fire elementals (Lair:2)
  8 vampire mosquitoes (D:10)
  3 basilisks
  2 steam dragons (D:8)
  Edmund (D:5)
  5 water moccasins
  2 orc warriors (D:6)
  A black bear (D:4)
  2 ogres
  A sky beast (D:6)
  2 centaurs
  3 kobold brigands
  14 bullfrogs
  A necrophage (D:4)
  2 gnoll sergeants
  2 scorpions (D:5)
  4 wights
  7 killer bees
  3 hounds
  A jelly (D:4)
  A gnoll bouda (D:6)
  4 orc priests
  Crazy Yiuf (D:2)
  5 iguanas
  Natasha (D:3)
  8 orc wizards
  6 ogre zombies (D:11)
  10 adders
  14 gnolls
  3 river rats (Sewer)
  A shadow imp (D:7)
  A white imp (D:6)
  3 worms
  4 dart slugs
  25 orcs
  4 bats
  9 endoplasms
  10 giant cockroaches
  9 hobgoblins
  15 kobolds
  8 quokkas
  19 ball pythons
  3 frilled lizards
  5 goblins
  3 goblin skeletons (D:11)
  A goblin zombie (D:11)
  A hobgoblin skeleton (D:11)
  4 hobgoblin zombies
  A kobold skeleton (D:6)
  A kobold zombie (D:6)
  3 orc skeletons (D:11)
  12 orc zombies
  34 rats
360 creatures vanquished.

Vanquished Creatures (others)
  2 fungi (Lair:1)
  9 plants
11 creatures vanquished.

Grand Total: 371 creatures vanquished

Notes
Turn   | Place    | Note
-------+----------+-------------------------------------------
     0 | D:1      | mopl the Djinni Transmuter began the quest for the Orb.
     0 | D:1      | mopl set off with the following spells memorised: Beastly
                  | Appendage, Wereblood, Spider Form, Ice Form.
     0 | D:1      | Reached XP level 1. HP: 17/17 MP: 0/0
   167 | D:1      | Reached XP level 2. HP: 22/22 MP: 0/0
   844 | D:2      | Reached XP level 3. HP: 26/27 MP: 0/0
   844 | D:2      | Learned a level 1 spell: Apportation
   950 | D:2      | Reached skill level 2 in Spellcasting
  1096 | D:2      | Reached skill level 4 in Unarmed Combat
  1211 | D:2      | Found a faded altar of an unknown god.
  1445 | D:2      | Reached XP level 4. HP: 23/32 MP: 0/0
  1525 | D:2      | Found a runed translucent door.
  1526 | D:2      | Noticed Crazy Yiuf
  1686 | D:2      | Killed Crazy Yiuf
  2097 | D:3      | Reached XP level 5. HP: 36/37 MP: 0/0
  2097 | D:3      | Learned a level 2 spell: Poisonous Vapours
  2253 | D:3      | Noticed Natasha
  2259 | D:3      | Killed Natasha
  2260 | D:3      | Reached skill level 5 in Unarmed Combat
  2588 | D:4      | Reached XP level 6. HP: 37/42 MP: 0/0
  2648 | D:4      | Found Pumutsi's Magic Scroll Shoppe.
  2665 | D:4      | Reached skill level 3 in Spellcasting
  2815 | D:4      | Bought a scroll of noise for 14 gold pieces
  2815 | D:4      | Bought a scroll of fear for 56 gold pieces
  2815 | D:4      | Bought a scroll of magic mapping for 105 gold pieces
  3031 | D:4      | Reached skill level 6 in Unarmed Combat
  3181 | D:4      | Noticed a black bear
  3192 | D:4      | Killed a black bear
  3193 | D:4      | Reached XP level 7. HP: 15/47 MP: 0/0
  3193 | D:4      | Learned a level 3 spell: Stone Arrow
  3756 | D:4      | Found an ornate altar of the Wu Jian Council.
  3916 | D:4      | Bought a scroll of identify for 28 gold pieces
  3916 | D:4      | Bought a scroll of poison for 56 gold pieces
  3945 | D:5      | Entered Level 5 of the Dungeon
  3976 | D:5      | Noticed Edmund
  3997 | D:5      | Killed Edmund
  3998 | D:5      | Reached skill level 7 in Unarmed Combat
  4045 | D:5      | Found a hide-covered altar of Uskayaw.
  4182 | D:5      | Found a glowing drain.
  4188 | Sewer    | Entered a sewer
  4252 | Sewer    | Reached XP level 8. HP: 35/52 MP: 0/0
  4402 | Sewer    | Reached skill level 4 in Spellcasting
  4574 | D:5      | Found a burning altar of Makhleb.
  4654 | D:5      | Reached skill level 8 in Unarmed Combat
  5194 | D:6      | Reached skill level 9 in Unarmed Combat
  5194 | D:6      | Reached XP level 9. HP: 13/57 MP: 0/0
  5194 | D:6      | Learned a level 4 spell: Animate Armour
  5739 | D:6      | Reached skill level 5 in Spellcasting
  5912 | D:6      | Found a glowing golden altar of the Shining One.
  6260 | D:7      | Reached skill level 10 in Unarmed Combat
  6264 | D:7      | Found a staircase to the Ecumenical Temple.
  6281 | Temple   | Entered the Ecumenical Temple
  6685 | D:7      | Found a basalt altar of Yredelemnul.
  6685 | D:7      | Found an iron altar of Okawaru.
  6689 | D:7      | Found a sacrificial altar of Ru.
  6694 | D:7      | Became a worshipper of Warmaster Okawaru
  7242 | D:8      | Found a white marble altar of Elyvilon.
  7449 | D:8      | Reached skill level 1 in Armour
  7449 | D:8      | Reached skill level 1 in Invocations
  7476 | D:8      | Reached * piety under Okawaru
  7477 | D:8      | Reached skill level 1 in Evocations
  7543 | D:8      | Noticed a two-headed ogre
  7901 | D:8      | Reached skill level 1 in Throwing
  8273 | D:9      | Reached skill level 2 in Fighting
  8273 | D:9      | Reached XP level 10. HP: 46/64 MP: 0/0
  8437 | D:9      | Reached skill level 3 in Dodging
  8501 | D:9      | Identified a scroll of acquirement
  8502 | D:9      | Acquired the amulet "Tonulax" {Reflect Slay+4 SH+5}
  8809 | D:10     | Entered Level 10 of the Dungeon
  8825 | D:10     | Reached skill level 2 in Armour
  8825 | D:10     | Reached skill level 2 in Invocations
  8825 | D:10     | Reached skill level 2 in Evocations
  9004 | D:10     | Reached skill level 2 in Throwing
  9064 | D:10     | Reached ** piety under Okawaru
  9065 | D:10     | Reached skill level 3 in Fighting
  9065 | D:10     | Reached skill level 11 in Unarmed Combat
  9411 | D:10     | Noticed a wizard
  9455 | D:10     | Reached skill level 4 in Dodging
  9455 | D:10     | Reached skill level 6 in Spellcasting
  9461 | D:10     | Reached skill level 3 in Armour
  9466 | D:10     | Reached skill level 3 in Invocations
  9468 | D:10     | Reached skill level 3 in Evocations
  9474 | D:10     | Reached XP level 11. HP: 67/71 MP: 0/0
  9474 | D:10     | Learned a level 5 spell: Borgnjor's Vile Clutch
  9725 | D:10     | Noticed a wizard
  9848 | D:11     | Reached *** piety under Okawaru
  9875 | D:11     | Found a staircase to the Orcish Mines.
  9883 | D:11     | Noticed a soul eater
  9911 | D:11     | Reached skill level 3 in Throwing
 10052 | D:11     | Noticed a cyclops
 10064 | D:11     | Killed a cyclops
 10064 | D:11     | Received a gift from Okawaru
 10098 | D:11     | Noticed a boulder beetle
 10103 | D:11     | Noticed Urug
 10105 | D:11     | Urug changed into Urug the steelbarb worm
 10105 | D:11     | Noticed Urug
 10116 | D:11     | Killed Urug the steelbarb worm
 10117 | D:11     | Reached skill level 4 in Fighting
 10128 | D:11     | Killed a boulder beetle
 10128 | D:11     | Reached **** piety under Okawaru
 10129 | D:11     | Reached skill level 4 in Armour
 10129 | D:11     | Reached skill level 5 in Dodging
 10264 | D:11     | Noticed a boulder beetle
 10286 | D:11     | Killed a boulder beetle
 10287 | D:11     | Reached skill level 4 in Invocations
 10287 | D:11     | Reached skill level 4 in Evocations
 10311 | D:11     | Reached ***** piety under Okawaru
 10323 | D:11     | Received a gift from Okawaru
 10550 | D:11     | Noticed an oklob plant
 10550 | D:11     | Noticed an oklob plant
 10553 | D:11     | Found a staircase to the Lair.
 10602 | D:11     | Noticed a cyclops
 10613 | D:11     | Killed a cyclops
 10875 | D:11     | Noticed a cyan ugly thing
 10875 | D:11     | Noticed a boulder beetle
 10886 | D:11     | Killed a cyan ugly thing
 11057 | D:11     | Killed a boulder beetle
 11058 | D:11     | Reached skill level 12 in Unarmed Combat
 11083 | D:11     | Reached XP level 12. HP: 56/79 MP: 0/0
 11189 | D:11     | Received a gift from Okawaru
 11507 | Lair:1   | Entered Level 1 of the Lair of Beasts
 11576 | Lair:1   | Reached skill level 4 in Throwing
 11943 | Lair:1   | Reached skill level 5 in Fighting
 11943 | Lair:1   | Reached skill level 5 in Armour
 11973 | Lair:1   | Reached skill level 6 in Dodging
 11987 | Lair:1   | Reached skill level 5 in Invocations
 11987 | Lair:1   | Reached skill level 5 in Evocations
 12850 | Lair:2   | Noticed a four-headed hydra
 12862 | Lair:2   | Killed a four-headed hydra
 12862 | Lair:2   | Received a gift from Okawaru
 12932 | Lair:2   | Reached skill level 7 in Spellcasting
 12941 | Lair:2   | Received a gift from Okawaru
 13047 | Lair:2   | Found a transporter.
 13069 | Lair:2   | Received a gift from Okawaru
 13130 | Lair:2   | Found a hole to the Spider Nest.
 13130 | Lair:2   | Noticed an orb spider
 13152 | Lair:2   | Killed an orb spider
 13153 | Lair:2   | Reached XP level 13. HP: 77/86 MP: 0/0
 13153 | Lair:2   | Learned a level 5 spell: Yara's Violent Unravelling
 13360 | Lair:2   | Noticed Gastronok
 13405 | Lair:2   | Killed Gastronok
 13406 | Lair:2   | Reached skill level 13 in Unarmed Combat
 13422 | Lair:2   | Found a transporter.
 13894 | Lair:2   | Reached skill level 6 in Fighting
 13898 | Lair:2   | Reached skill level 7 in Dodging
 13899 | Lair:2   | Reached skill level 6 in Armour
 13906 | Lair:2   | Received a gift from Okawaru
 13909 | Lair:2   | HP: 2/87 [fire crab (3)]
 13909 | Lair:2   | Slain by a fire crab

Illustrated notes

Levels and vault maps discovered:
D:1:      co_arrival_random_square_maze, layout_basic, minmay_tripent
D:2:      minmay_general_purpose_star, layout_rooms,
          hellmonk_ecumenical_altar_defaced_shrine, chequers_mini_garden,
          minmay_pentomino_o4, uniq_crazy_yiuf_cottage
D:3:      layout_basic, uniq_natasha
D:4:      layout_loops_corners, nzn_wu_jian_council_hall, serial_shops, shop,
          abandoned_shop
D:5:      layout_cave_pools, lightli_temple_of_fire, amcnicky_altar_gilded,
          serial_column_ruins, column_ruins_corridor_straight,
          column_ruins_corridor_dead_end, column_ruins_open_small_water,
          column_ruins_grid_4, column_ruins_open_small, gup_sewer_entry_spiral,
          uniq_edmund
D:6:      layout_rooms, nicolae_tso_besieged_by_evil, serial_bayou_pond_e
D:7:      layout_loops_ring, grunt_temple_overflow_open,
          minmay_temple_entry_mini_moons, minmay_fractal_squares_diagonal_5
D:8:      layout_loops_ring, elyvilon_altar_3
D:9:      layout_cave_pools, kennysheep_generic_room_12
D:10:     minmay_smoke_and_mirrors, layout_cave_pools, grunt_ogre_cave
D:11:     layout_roguey, dpeg_oklobed_lair, zombieorc1_lemuel,
          nzn_sisyphean_effort, uniq_urug
Temple:   nicolae_temple_great_sept
Lair:1:   layout_hall_layers, chequers_serial_rivers_micro_e,
          grunt_megastairs_1, lemuel_fruit_fields, infiniplex_staircase_pool,
          lemuel_fruit_tree, serial_bayou_shore_b
Lair:2:   gammafunk_cloud_chamber, layout_cave_pods,
          nicolae_spider_entry_orb_guardian, uniq_gastronok

Skill      XL: |  1  2  3  4  5  6  7  8  9 10 11 12 13 |
---------------+----------------------------------------+-----
Spellcasting   | 2 3 4 5 6 7 |  7.2
Unarmed Combat | 4 5 6 7 9 10 11 12 13 | 13.2
Armour         | 1 3 4 5 6 |  6.0
Invocations    | 1 3 4 5 |  5.9
Evocations     | 1 3 4 5 |  5.9
Throwing       | 1 2 3 4 |  4.9
Fighting       | 2 3 4 5 6 |  6.0
Dodging        | 4 5 6 7 |  7.0

Action                     |  1- 3 |  4- 6 |  7- 9 | 10-12 | 13-15 || total
---------------------------+-------+-------+-------+-------+-------++-------
  Melee: Unarmed           |   134 |   126 |   400 |   504 |    76 ||  1240
         Punch             |     3 |     3 |    12 |    15 |     7 ||    40
         Headbutt          |    10 |     8 |       |       |       ||    18
  Throw: Dart              |       |       |       |     8 |     8 ||    16
   Cast: Beastly Appendage |    18 |    15 |       |       |       ||    33
         Spider Form       |       |     4 |    19 |    14 |     1 ||    38
         Wereblood         |       |       |     7 |     8 |     1 ||    16
         Ice Form          |       |       |     2 |     5 |     3 ||    10
 Invoke: Heroism           |       |       |       |     6 |     3 ||     9
  Evoke: Wand              |       |       |       |     3 |     1 ||     4
    Use: Scroll            |       |     4 |     5 |    10 |     1 ||    20
         Potion            |       |     1 |     3 |     1 |       ||     5
   Stab: Sleeping          |     3 |     1 |     2 |     3 |       ||     9
 Armour: Robe              |    37 |    15 |    49 |       |       ||   101
         Skin              |       |     7 |    19 |    37 |     4 ||    67
         Steam dragon scal |       |       |    22 |    58 |    27 ||   107
  Dodge: Dodged            |    87 |    87 |   413 |   307 |    79 ||   973
  Block: Other             |       |       |       |    79 |    22 ||   101
         Reflection        |       |       |       |     1 |       ||     1

Table legend: (Time is in decaauts)
 A = Elapsed time spent in this place.
 B = Non-inter-level travel time spent in this place.
 C = Inter-level travel time spent in this place.
 D = Time resting spent in this place.
 E = Time spent auto-exploring this place.
 F = Levels seen in this place.
 G = Mean time per level.
                   A        B        C        D        E       F      G
               +--------+--------+--------+--------+--------+-----+--------+
         Total |  13723 |  13244 |    479 |   3346 |   6947 |  15 |  914.9 |
       Dungeon |  10980 |  10591 |    389 |   2864 |   5497 |  11 |  998.2 |
        Temple |     97 |     82 |     15 |      0 |     53 |   1 |   97.0 |
          Lair |   2345 |   2270 |     75 |    429 |   1329 |   2 | 1172.5 |
         Sewer |    299 |    299 |      0 |     53 |     68 |   1 |  299.0 |
               +--------+--------+--------+--------+--------+-----+--------+

Top non-repeatable levels by time:
    D:11: 1679 daAuts
  Lair:1: 1300 daAuts
     D:4: 1264 daAuts
     D:8: 1176 daAuts
  Lair:2: 1044 daAuts
     D:6: 1013 daAuts
     D:2: 998 daAuts
     D:5: 945 daAuts
    D:10: 852 daAuts
     D:3: 838 daAuts
     D:1: 831 daAuts
     D:9: 715 daAuts
     D:7: 664 daAuts
   Sewer: 299 daAuts
  Temple: 97 daAuts
